 Dungeon Sprint DCSS version 0.19-a0-139-gefc6d61 (webtiles) character file.

13654 Kidiri the Unseen (level 11, -19/56 HPs)
             Began as a Spriggan Enchanter on May 17, 2016.
             Was the Champion of Dithmenos.
             Killed from afar by a greater naga (39 damage)
             ... with a poison arrow
             ... in the Dungeon (Sprint III: "The Ten Rune Challenge").
             The game lasted 00:11:18 (2628 turns).

Kidiri the Unseen (Spriggan Enchanter)              Turns: 2628, Time: 00:11:21

Health: -19/56     AC:  4    Str:  4    XL:     11   Next: 78%
Magic:  18/28      EV: 32    Int: 19    God:    Dithmenos [******]
Gold:   45         SH:  0    Dex: 20    Spells: 10 memorised, 12 levels left

rFire  + . .     SeeInvis +     a - +1 dagger
rCold  . . .     Gourm    .     b - +2 robe
rNeg   . . .     Faith    .     (shield restricted)
rPois  .         Spirit   .     (helmet restricted)
rElec  .         Dismiss  .     (no cloak)
rCorr  .         Reflect  .     (gloves unavailable)
SustAt .         Harm     .     (boots unavailable)
MR     +....     NoTele   +     (no amulet)
Stlth  ++++++++++               (no ring)
                                (no ring)

@: lethally poisoned (-19 -> -65), wreathed by umbra, very quick, somewhat
resistant to hostile enchantments, uncannily stealthy
A: unfitting armour, antennae 1, fangs 1, see invisible, clever 1, deterioration
1, fire resistance 1, herbivore 3, speed 3, slow metabolism 2
a: Shadow Step, Shadow Form, Renounce Religion


You were in the Dungeon.
You worshipped Dithmenos.
Dithmenos was exalted by your worship.
You were full.

You visited 1 branch You collected 45 gold pieces.

Inventory:

Hand Weapons
 a - a +1 dagger (weapon)
Missiles
 t - 9 throwing nets (quivered)
Armour
 b - a +2 robe (worn)
Scrolls
 j - a scroll of blinking
 k - a scroll of magic mapping
 q - a scroll of torment
 r - 2 scrolls of remove curse
Potions
 c - a potion of heal wounds
 e - a potion of curing
 f - a potion of berserk rage
 g - a potion of haste
 h - 2 potions of magic
 m - a potion of might
 o - 3 potions of cure mutation
 p - 2 potions of flight
 s - a potion of lignification
Miscellaneous
 l - a plain deck of wonders
Comestibles
 d - a bread ration
 i - 25 royal jellies
 n - 6 fruits


   Skills:
 + Level 6.1 Fighting
 * Level 11.5 Short Blades
 + Level 5.5 Armour
 * Level 14.2 Dodging
 * Level 15.9 Stealth
 * Level 12.6 Spellcasting
 + Level 5.2 Conjurations
 + Level 9.9 Hexes
 + Level 8.4 Charms
 + Level 4.0 Summonings
 + Level 9.2 Translocations
 + Level 6.0 Ice Magic
 + Level 5.5 Air Magic
 + Level 6.0 Poison Magic
 - Level 3.5 Invocations
 + Level 8.1 Evocations


You had 12 spell levels left.
You knew the following spells:

 Your Spells              Type           Power        Failure   Level  Hunger
a - Corona                Hex            #####..      1%          1    None
b - Ensorcelled Hibernat  Hex/Ice        #####.       1%          2    None
c - Confuse               Hex            #####...     1%          3    None
d - Tukima's Dance        Hex            #####...     1%          3    None
e - Dazzling Spray        Conj/Hex       #####.       1%          3    None
f - Slow                  Hex            #####...     1%          2    None
g - Blink                 Tloc           N/A          1%          2    None
h - Repel Missiles        Chrm/Air       #####.       1%          2    None
i - Call Imp              Summ           ####....     1%          2    None
j - Mephitic Cloud        Conj/Pois/Air  ####....     1%          3    None


Dungeon Overview and Level Annotations

Branches:
Dungeon (1/1)

Altars:
Cheibriados
Dithmenos
Elyvilon
Fedhas
Gozag
Kikubaaqudgha
Makhleb
Nemelex Xobeh
Okawaru
Pakellas
Qazlal
Ru
Sif Muna
Trog
Vehumet
Xom
Yredelemnul
Zin
The Shining One
Jiyva
Lugonu

Shops:
D (}


Innate Abilities, Weirdness & Mutations

You are tiny and cannot use many weapons and most armour.
You have supernaturally acute eyesight.
You are a herbivore.
You cover ground extremely quickly.
You need consume almost no food.
You have a pair of small antennae on your head.
You have very sharp teeth.
Your mind is acute. (Int +2)
Your body sometimes deteriorates upon taking damage.
Your flesh is heat resistant.


Message History

The poison arrow hits you!
You are poisoned.
Ouch! That really hurt!
You emit a cloud of dark smoke.
The greater naga struggles against the net.
The helpless greater naga fails to defend itself.
You stick the greater naga like a pincushion!!!!
The greater naga is almost dead.
You feel sick.
You hit the greater naga.
The greater naga is almost dead.
You feel sick.
You hit the greater naga but do no damage.
You bite the greater naga, but do no damage.
The greater naga is almost dead.
You feel sick. The greater naga casts a spell at you.
The poison arrow hits you!
You are lethally poisoned!
Ouch! That really hurt!
You die...

♣.....##......#♣♣♣._)#
########'#############
#...%.......##
#..%.%..%....#
###########..#
##.%....%....#
#..%........##
#..##########
#..%%..§§@§.##
##.%...§§§NN.#
##########..#
##...NN.{{.N.#
#∩.N.N......##
#∩.########## #


You could see a naga warrior, a greater naga (caught) and a naga.

Vanquished Creatures
  Maud (D)
  Erolcha (D)
  A hydra (D)
  3 anacondas (D)
  A spriggan druid (D)
  A lindwurm (D)
  A death drake (D)
  5 black mambas (D)
  A komodo dragon (D)
  2 spiny frogs (D)
  A queen bee (D)
  3 wandering mushrooms (D)
  2 giant leeches (D)
  A shadow (D)
  2 spriggans (D)
  5 redbacks (D)
  2 hill giants (D)
  A spatial vortex (D)
  A water moccasin (D)
  A necrophage (D)
  3 two-headed ogres (D)
  A water elemental (D)
  32 killer bees (D)
  A jelly (D)
  A wizard (D)
  Jessica (D)
  A necromancer (D)
  3 humans (D)
  A kobold demonologist (D)
  A wolf (D)
  6 adders (D)
  An ooze (D)
  2 rats (D)
90 creatures vanquished.

Vanquished Creatures (collateral kills)
  A deep elf mage (D)
1 creature vanquished.

Vanquished Creatures (others)
  2 draconian scorchers (D)
  A hydra (D)
  6 hellions (D)
  2 yaktaurs (D)
  2 dancing weapons (D)
  An electric eel (D)
14 creatures vanquished.

Grand Total: 105 creatures vanquished

Notes
Turn   | Place    | Note
--------------------------------------------------------------
     0 | D        | Kidiri the Spriggan Enchanter began the quest for the Orb.
     0 | D        | Reached XP level 1. HP: 9/9 MP: 5/5
    11 | D        | Noticed Jessica
    14 | D        | Killed Jessica
    14 | D        | Reached skill level 1 in Fighting
    14 | D        | Reached skill level 6 in Stealth
    14 | D        | Reached XP level 2. HP: 14/14 MP: 6/8
    14 | D        | Reached XP level 3. HP: 18/18 MP: 6/9
    22 | D        | Learned a level 2 spell: Ensorcelled Hibernation
    26 | D        | Learned a level 3 spell: Confuse
    30 | D        | Learned a level 3 spell: Dazzling Spray
    66 | D        | Killed a yaktaur
   127 | D        | Killed a hellion
   138 | D        | Killed a hellion
   142 | D        | Killed a hellion
   161 | D        | Killed a hellion
   174 | D        | Reached skill level 1 in Armour
   177 | D        | Reached skill level 5 in Dodging
   208 | D        | Gained mutation: You have a pair of small antennae on your head. [potion of mutation]
   208 | D        | Gained mutation: You have very sharp teeth. [potion of mutation]
   209 | D        | Gained mutation: Your mind is acute. (Int +2) [potion of mutation]
   209 | D        | Gained mutation: Your body sometimes deteriorates upon taking damage. [potion of mutation]
   209 | D        | Gained mutation: Your flesh is heat resistant. [potion of mutation]
   248 | D        | Killed a white draconian scorcher
   276 | D        | Killed a white draconian scorcher
   307 | D        | Killed a hellion
   326 | D        | Killed a hellion
   353 | D        | Noticed a water elemental
   355 | D        | Killed a water elemental
   355 | D        | Reached skill level 7 in Stealth
   355 | D        | Reached skill level 5 in Spellcasting
   355 | D        | Reached skill level 1 in Conjurations
   355 | D        | Reached skill level 5 in Hexes
   355 | D        | Reached skill level 1 in Ice Magic
   355 | D        | Reached XP level 4. HP: 23/23 MP: 10/12
   360 | D        | Learned a level 3 spell: Tukima's Dance
   376 | D        | Noticed a shadow
   418 | D        | Killed a shadow
   418 | D        | Reached skill level 5 in Short Blades
   418 | D        | Reached skill level 9 in Stealth
   418 | D        | Reached XP level 5. HP: 19/27 MP: 1/15
   418 | D        | Reached XP level 6. HP: 23/32 MP: 1/16
   598 | D        | Found an oddly glowing altar of Pakellas.
   598 | D        | Found a stormy altar of Qazlal.
   599 | D        | Found a sacrificial altar of Ru.
   599 | D        | Found a burning altar of Makhleb.
   599 | D        | Found a viscous altar of Jiyva.
   599 | D        | Found a shimmering altar of Xom.
   599 | D        | Found a shadowy altar of Dithmenos.
   599 | D        | Found a sparkling altar of Nemelex Xobeh.
   599 | D        | Found a corrupted altar of Lugonu.
   599 | D        | Found an opulent altar of Gozag.
   599 | D        | Noticed a spatial vortex
   603 | D        | Became a worshipper of Dithmenos the Shadowed
   604 | D        | Killed a spatial vortex
   604 | D        | Reached skill level 10 in Stealth
   604 | D        | Reached skill level 1 in Invocations
   632 | D        | Found a radiant altar of Vehumet.
   633 | D        | Found a deep blue altar of Sif Muna.
   633 | D        | Found an ancient bone altar of Kikubaaqudgha.
   636 | D        | Reached * piety under Dithmenos
   636 | D        | Reached skill level 1 in Evocations
   649 | D        | Learned a level 2 spell: Slow
   652 | D        | Learned a level 2 spell: Blink
   655 | D        | Learned a level 2 spell: Repel Missiles
   664 | D        | Found a glowing silver altar of Zin.
   665 | D        | Found a glowing golden altar of the Shining One.
   665 | D        | Found a white marble altar of Elyvilon.
   665 | D        | Noticed a deep elf mage
   668 | D        | Noticed a tarantella
   672 | D        | HP: 1/32 [tarantella[a deep elf mage] (10)]
   678 | D        | Noticed an orange demon
   678 | D        | Killed a deep elf mage
   678 | D        | Reached skill level 1 in Charms
   678 | D        | Reached skill level 1 in Translocations
   678 | D        | Reached XP level 7. HP: 18/36 MP: 6/19
   760 | D        | Learned a level 3 spell: Mephitic Cloud
   829 | D        | Found an iron altar of Okawaru.
   830 | D        | Found a bloodstained altar of Trog.
   830 | D        | Noticed a human
   830 | D        | Noticed a human
   832 | D        | Killed a human
   832 | D        | Reached skill level 1 in Air Magic
   833 | D        | Killed a human
   833 | D        | Reached skill level 11 in Stealth
   833 | D        | Reached skill level 1 in Poison Magic
   851 | D        | Found a snail-covered altar of Cheibriados.
   852 | D        | Found a basalt altar of Yredelemnul.
   852 | D        | Found a blossoming altar of Fedhas.
   853 | D        | Reached ** piety under Dithmenos
   853 | D        | Reached XP level 8. HP: 42/42 MP: 21/21
   878 | D        | Reached skill level 10 in Dodging
   882 | D        | Reached *** piety under Dithmenos
   895 | D        | Noticed Erolcha
   897 | D        | Killed Erolcha
   897 | D        | Reached skill level 12 in Stealth
   897 | D        | Reached XP level 9. HP: 45/45 MP: 21/23
   918 | D        | Learned a level 2 spell: Call Imp
   922 | D        | Reached **** piety under Dithmenos
   925 | D        | Reached skill level 5 in Charms
   925 | D        | Reached skill level 5 in Translocations
   994 | D        | Noticed a queen bee
  1013 | D        | Reached ***** piety under Dithmenos
  1015 | D        | Reached skill level 10 in Spellcasting
  1170 | D        | Reached skill level 1 in Summonings
  1170 | D        | Reached skill level 5 in Evocations
  1176 | D        | Reached skill level 13 in Stealth
  1181 | D        | Killed a queen bee
  1367 | D        | Reached ****** piety under Dithmenos
  1509 | D        | Reached XP level 10. HP: 41/51 MP: 2/25
  1758 | D        | Reached skill level 5 in Fighting
  1764 | D        | Noticed a spiny frog
  1764 | D        | Noticed a spiny frog
  1770 | D        | Killed a spiny frog
  1778 | D        | Killed a spiny frog
  1778 | D        | Reached skill level 10 in Short Blades
  1778 | D        | Reached skill level 14 in Stealth
  1933 | D        | Reached skill level 5 in Ice Magic
  1960 | D        | Noticed a lindwurm
  1963 | D        | Killed a lindwurm
  1972 | D        | Noticed Maud
  1975 | D        | Killed Maud
  1975 | D        | Reached skill level 5 in Poison Magic
  1975 | D        | Reached XP level 11. HP: 56/56 MP: 14/27
  2041 | D        | Noticed a seven-headed hydra
  2041 | D        | Noticed an eight-headed hydra
  2076 | D        | Killed an eight-headed hydra
  2076 | D        | Reached skill level 5 in Armour
  2129 | D        | Killed a seven-headed hydra
  2298 | D        | Noticed a death drake
  2300 | D        | Killed a death drake
  2300 | D        | Reached skill level 15 in Stealth
  2307 | D        | Found a blossoming altar of Fedhas.
  2307 | D        | Noticed a spriggan druid
  2309 | D        | Killed a spriggan druid
  2353 | D        | Noticed an anaconda
  2355 | D        | Killed an anaconda
  2355 | D        | Reached skill level 5 in Conjurations
  2355 | D        | Reached skill level 5 in Air Magic
  2477 | D        | Noticed an anaconda
  2480 | D        | Killed an anaconda
  2529 | D        | Noticed an anaconda
  2532 | D        | Killed an anaconda
  2607 | D        | Noticed a naga warrior
  2607 | D        | Noticed a greater naga
  2607 | D        | Found Rexzepredwu's Antique Weapon Shop.
  2607 | D        | Found Buwo's Gadget Shoppe.
  2628 | D        | Killed from afar by a greater naga

Vault maps used:
D:        dungeon_sprint_mu

Skill      XL: |  1  2  3  4  5  6  7  8  9 10 11 |
---------------+----------------------------------+-----
Spellcasting   | 4 5 6 7 8 9 10 11 12 | 12.6
Fighting       | 1 2 3 4 5 6 |  6.1
Short Blades   | 2 4 5 6 7 8 9 10 11 | 11.5
Dodging        | 4 6 7 9 10 11 13 14 | 14.2
Stealth        | 6 7 9 10 11 12 13 14 15 | 15.9
Hexes          | 4 5 6 7 8 9 |  9.9
Armour         | 1 2 3 4 5 |  5.5
Conjurations   | 1 2 3 4 5 |  5.2
Ice Magic      | 1 2 3 4 5 6 |  6.0
Invocations    | 1 2 3 |  3.5
Evocations     | 1 2 4 5 6 8 |  8.1
Charms         | 1 2 4 5 7 8 |  8.4
Translocations | 1 3 4 6 8 9 |  9.2
Air Magic      | 1 2 3 4 5 |  5.5
Poison Magic   | 1 2 4 5 6 |  6.0
Summonings     | 1 2 4 |  4.0

Action                   |  1- 3 |  4- 6 |  7- 9 | 10-12 || total
-------------------------+-------+-------+-------+-------++-------
Melee: Dagger            |    12 |    17 |    90 |    56 ||   175
       Bite              |       |     3 |     2 |     2 ||     7
Throw: Throwing net      |       |       |       |     1 ||     1
 Cast: Ensorcelled Hiber |     5 |       |    31 |    27 ||    63
       Corona            |     2 |     2 |       |       ||     4
       Dazzling Spray    |       |     5 |     8 |     6 ||    19
       Tukima's Dance    |       |     2 |       |     2 ||     4
       Confuse           |       |       |     1 |       ||     1
       Mephitic Cloud    |       |       |       |     1 ||     1
Invok: Shadow Step       |       |       |       |    11 ||    11
  Use: Scroll            |     4 |       |       |       ||     4
       Potion            |     2 |     2 |       |       ||     4
 Stab: Sleeping          |     7 |     4 |    31 |    28 ||    70
       Invisible         |       |     1 |     2 |     5 ||     8
       Confused          |       |       |       |     2 ||     2
       Held in net/web   |       |       |       |     1 ||     1
  Eat: Bread ration      |       |       |       |     1 ||     1
Armor: Robe              |       |       |     3 |     1 ||     4
Dodge: Dodged            |     4 |    18 |   116 |    61 ||   199
